Map: Mech Depot LE

Players

Semper - Winner!

  • Race: Terran Terran
  • Spawn Location: 1:00

ObiWanPwnobi

  • Race: Protoss Protoss
  • Spawn Location: 7:00

Event: WCS Montreal 2017

VOD

Have the link to the VOD?

Description

Time

  • Played on: Sept. 8, 2017, 11:40 a.m.
  • Length: 9:01

All games in this series

Show
View Real Time Build Order
Export as new Build Order

Semper Terran - Winner!

Build Orders: Liberator Opening, MMM Bio 

Get SALT Encoding   

  12  0:00  SCV  
  13  0:12  SCV  
  14  0:17  Supply Depot  
  14  0:25  SCV  
  15  0:39  Barracks, SCV  
  16  0:43  Refinery  
  16  0:51  SCV  
  17  1:03  SCV  
  18  1:15  SCV  
  19  1:26  Marine  
  19  1:27  Orbital Command  
  20  1:45  Command Center  
  20  1:53  SCV  
  21  1:56  Factory  
  21  2:02  Barracks Reactor  
  21  2:05  SCV  
  22  2:09  Supply Depot  
  22  2:15  Refinery  
  22  2:17  SCV  
  23  2:31  SCV  
  24  2:40  Marine  
  24  2:41  Marine  
  24  2:43  SCV  
  27  2:46  Starport  
  27  2:47  Widow Mine  
  28  2:55  SCV  
  28  2:56  Orbital Command  
  29  3:02  Marine x2  
  31  3:07  SCV  
  32  3:15  Widow Mine  
  32  3:19  SCV  
  35  3:22  SCV  
  35  3:25  Medivac  
  38  3:28  Supply Depot  
  38  3:31  Marine x2  
  38  3:32  SCV  
  41  3:36  SCV  
  42  3:43  Barracks  
  42  3:45  SCV  
  42  3:48  SCV  
  44  3:50  Marine x2  
  44  3:53  Factory Tech Lab  
  44  3:55  Liberator  
  46  3:57  SCV  
  46  3:58  Supply Depot  
  46  4:02  SCV  
  48  4:09  SCV  
  49  4:10  Barracks  
  52  4:19  Siege Tank, Marine  
  52  4:20  Marine  
  52  4:21  SCV  
  52  4:23  SCV  
  59  4:27  Supply Depot  
  59  4:31  Supply Depot  
  59  4:33  SCV  
  60  4:40  SCV, Engineering Bay  
  61  4:49  Marine, SCV  
  61  4:50  Marine  
  64  4:55  SCV  
  65  5:01  Factory Reactor, SCV  
  65  5:02  Refinery  
  65  5:04  Supply Depot  
  65  5:05  Starport Reactor, Stimpack  
  66  5:07  SCV  
  66  5:09  Barracks Tech Lab  
  66  5:13  SCV  
  68  5:16  Supply Depot, Terran Infantry Weapons Level 1  
  68  5:17  Marine x3  
  68  5:19  SCV, Missile Turret  
  72  5:25  SCV  
  73  5:28  Marine  
  73  5:29  Combat Shields  
  73  5:31  SCV  
  75  5:38  SCV  
  76  5:43  SCV  
  76  5:44  Marine x2  
  76  5:45  Widow Mine x2  
  83  5:57  SCV  
  81  6:02  Marine x2, Marauder x2  
  81  6:03  SCV  
  86  6:07  Refinery  
  86  6:08  Supply Depot  
  86  6:10  Supply Depot  
  86  6:12  SCV  
  86  6:14  Command Center  
  86  6:15  Missile Turret  
  86  6:16  Medivac x2  
  86  6:18  SCV  
  92  6:24  SCV  
  92  6:25  Marine  
  93  6:29  Marine, Marauder x2  
  99  6:34  SCV  
  99  6:39  SCV  
  101  6:43  Supply Depot  
  101  6:44  Supply Depot  
  101  6:48  Barracks, SCV  
  101  6:49  Barracks  
  102  6:54  Marine x2, Marauder  
  102  6:55  SCV  
  102  6:58  Marauder  
  109  7:05  Medivac x2  
  113  7:08  SCV  
  114  7:16  SCV  
  114  7:17  Starport  
  114  7:22  Marine x2  
  117  7:23  Marauder  
  119  7:30  Orbital Command  
  119  7:31  SCV x2  
  119  7:34  Liberator x2  
  121  7:40  Marauder  
  121  7:43  SCV x2  
  125  7:44  Liberator  
  125  7:45  Liberator  
  125  7:47  Barracks Reactor  
  125  7:48  Barracks Tech Lab  
  129  7:55  SCV x2  
  129  7:56  SCV  
  129  7:57  Refinery  
  130  7:59  Refinery  
  130  8:01  Supply Depot  
  130  8:02  Supply Depot  
  130  8:03  Marine x3  
  139  8:07  SCV x2  
  141  8:15  Supply Depot  
  141  8:22  Marine  
  141  8:23  Marauder  
  141  8:24  Supply Depot  
  141  8:25  Supply Depot, Marine, Armory  
  141  8:26  Marine x3, Marauder  
  149  8:39  Supply Depot  
  149  8:40  Marine  
  149  8:41  Supply Depot  
  154  8:42  Supply Depot  
Show
View Real Time Build Order
Export as new Build Order

ObiWanPwnobi Protoss 

Build Orders: 1 Gate Expand, Double Forge, Colossus Rush 

Get SALT Encoding   

  12  0:02  Probe (Chrono Boost)  
  13  0:13  Probe (Chrono Boost)  
  14  0:17  Pylon  
  14  0:23  Probe (Chrono Boost)  
  15  0:35  Probe (Chrono Boost)  
  16  0:36  Gateway  
  16  0:45  Probe (Chrono Boost)  
  17  0:56  Probe (Chrono Boost)  
  18  0:58  Assimilator  
  18  1:06  Probe (Chrono Boost)  
  19  1:22  Nexus  
  19  1:33  Cybernetics Core  
  19  1:34  Probe (Chrono Boost)  
  20  1:45  Probe (Chrono Boost)  
  21  1:47  Assimilator  
  20  1:54  Pylon  
  20  1:55  Probe (Chrono Boost)  
  21  2:06  Probe (Chrono Boost)  
  22  2:12  Warp Gate, Adept  
  24  2:17  Probe (Chrono Boost)  
  26  2:31  Mothership Core (Chrono Boost)  
  26  2:35  Probe (Chrono Boost)  
  28  2:45  Probe (Chrono Boost), Robotics Facility  
  28  2:49  Probe (Chrono Boost)  
  30  2:56  Probe (Chrono Boost)  
  31  3:00  Probe (Chrono Boost)  
  32  3:07  Probe (Chrono Boost)  
  32  3:10  Probe (Chrono Boost), Gateway  
  34  3:14  Gateway  
  34  3:17  Probe (Chrono Boost)  
  35  3:21  Probe (Chrono Boost)  
  36  3:27  Probe (Chrono Boost)  
  36  3:31  Probe (Chrono Boost)  
  36  3:33  Assimilator, Observer (Chrono Boost)  
  39  3:36  Probe  
  40  3:42  Assimilator  
  40  3:43  Probe  
  40  3:46  Pylon  
  40  3:47  Probe  
  41  3:52  Observer (Chrono Boost)  
  41  3:55  Probe  
  44  3:57  Probe  
  45  4:05  Robotics Bay  
  45  4:07  Probe  
  45  4:08  Probe  
  45  4:18  Probe  
  45  4:19  Probe  
  45  4:23  Stalker  
  49  4:24  Forge  
  49  4:25  Sentry  
  49  4:27  Forge  
  49  4:30  Probe, Stalker  
  53  4:37  Pylon  
  54  4:44  Probe  
  53  4:46  Probe  
  53  4:56  Probe, Colossus (Chrono Boost), Pylon  
  60  5:02  Protoss Ground Weapons Level 1  
  59  5:09  Protoss Ground Armor Level 1  
  59  5:13  Stalker  
  61  5:19  Stalker  
  63  5:23  Probe x2  
  63  5:24  Pylon  
  65  5:33  Pylon  
  65  5:34  Probe  
  65  5:35  Probe  
  65  5:38  Stalker  
  68  5:47  Probe  
  61  5:54  Probe, Stalker x2  
  53  6:04  Probe x2  
  55  6:15  Probe  
  55  6:17  Probe  
  57  6:25  Probe, Sentry  
  57  6:26  Sentry  
  57  6:29  Probe  
  62  6:36  Probe  
  63  6:41  Probe  
  63  6:45  Nexus  
  63  6:46  Twilight Council  
  63  6:47  Pylon  
  64  6:49  Gateway  
  64  6:52  Gateway  
  64  6:55  Probe  
  64  7:00  Probe  
  65  7:03  Gateway  
  66  7:10  Stalker x2  
  70  7:17  Probe x2  
  72  7:24  Stalker  
  73  7:32  Probe  
  73  7:33  Probe  
  63  7:43  Probe  
  59  7:44  Probe  
  60  7:55  Probe (Chrono Boost)  
  60  7:56  Probe (Chrono Boost)  
  62  7:59  Probe (Chrono Boost)  
  60  8:06  Probe (Chrono Boost)  
  60  8:07  Probe (Chrono Boost)  
  60  8:08  Observer  
  60  8:09  Sentry  
  60  8:10  Probe (Chrono Boost)  
  63  8:17  Probe (Chrono Boost)  
  63  8:18  Probe (Chrono Boost)  
  63  8:19  Sentry  
  67  8:22  Sentry  
  67  8:26  Probe (Chrono Boost)  
  70  8:29  Observer  
  69  8:34  Probe x2 (Chrono Boost)  
  69  8:38  Zealot  
  69  8:41  Probe (Chrono Boost)  
  63  8:57  Zealot x2  
Tags
 
Add a new tag
Caveats
  • Supply blocks, unpowered buildings, or Contaminate may cause inaccurate times.
  • Supply counts are checked every 10 seconds.